 Dungeon Crawl Stone Soup version 0.31-a0-691-g409c26aa35 (webtiles) character file.

Game seed: 3685772908963810445

28 Xavori the Trooper (level 3, 0/26 HPs)
             Began as an Octopode Chaos Knight on Sept 7, 2023.
             Was a Plaything of Xom.
             Slain by a fire crab (glowing shapeshifter) (7 damage)
             ... on level 1 of the Dungeon.
             The game lasted 00:00:28 (254 turns).

Xavori the Trooper (Octopode Chaos Knight)           Turns: 254, Time: 00:00:29

Health: 0/26       AC:  1    Str: 11    XL:     3   Next: 14%
Magic:  3/3        EV: 13    Int: 14    God:    Xom [..*...]
Gold:   0          SH:  0    Dex: 13    Spells: 2/2 levels left

rFire   . . .        a - +0 short sword (chaos)
rCold   . . .        (no shield)
rNeg    . . .        (helmet restricted)
rPois   .            (no amulet)
rElec   .            (no ring)
rCorr   .            (no ring)
SInv    .            (no ring)
Will    .....        (no ring)
Stlth   ++           (no ring)
HPRegen 0.24/turn    (no ring)
MPRegen 0.08/turn    (no ring)
                     (no ring)

%: no passive effects
@: brilliant
A: almost no armour, amphibious, 8 rings, camouflage 1, gelatinous body 1,
(nimble swimmer 1), tentacles
a: Renounce Religion


You were on level 1 of the Dungeon.
You worshipped Xom.
You were a toy of Xom.
You visited 1 branch of the dungeon, and saw 1 of its levels.

Inventory:

Hand Weapons
 a - a +0 short sword of chaos (weapon)
Jewellery
 d - a +6 ring of strength
Scrolls
 b - a scroll of butterflies


   Skills:
 + Level 3.5 Fighting
 + Level 3.4 Short Blades
 + Level 2.7 Dodging


You had 2 spell levels left.
You didn't know any spells.
Your spell library was empty.

Dungeon Overview and Level Annotations

Branches:
Dungeon (1/15)

Altars:


Innate Abilities, Weirdness & Mutations

You cannot wear most types of armour.
You are amphibious.
You can wear up to eight rings at the same time.
Your skin changes colour to match your surroundings (Stealth+).
Your rubbery body absorbs attacks. (AC +1, EV +1)
((You are camouflaged when in or above water. (Stealth+)))
You have tentacles for arms and can constrict up to eight enemies at once.


Message History

You hit the dream sheep but do no damage.
The dream sheep seems to speed up.
The dream sheep is moderately wounded.
You constrict the dream sheep.
The dream sheep ruffles its wool and motes of dream dust sparkle, to no effect.
You hit the dream sheep.
The dream sheep is heavily wounded.
You constrict the dream sheep.
You lose your grip on the fire crab.
The dream sheep changes into a fire crab!
You hit the fire crab. You grab the fire crab.
The fire crab is severely wounded.
You constrict the fire crab, but do no damage.
You hit the fire crab but do no damage.
You squeeze the fire crab, but do no damage.
The fire crab is severely wounded.
You constrict the fire crab. The fire crab closely misses you. x2
You hit the fire crab but do no damage.
Space warps around the fire crab.
The fire crab is severely wounded.
You constrict the fire crab, but do no damage.
The fire crab breathes flames at you. The blast of flame misses you.
You hit the fire crab but do no damage.
The fire crab is poisoned.
You squeeze the fire crab.
The fire crab is severely wounded.
You are engulfed in blazing flames.
Ouch! That really hurt!
* * * LOW HITPOINT WARNING * * *
You constrict the fire crab, but do no damage.
Your butterfly is engulfed in blazing flames.
Your butterfly dies!
Your butterfly disappears in a puff of smoke!
Your butterfly is engulfed in blazing flames.
Your butterfly dies!
Your butterfly disappears in a puff of smoke!
Your butterfly is engulfed in blazing flames.
Your butterfly dies!
Your butterfly disappears in a puff of smoke!
The fire crab bites you!
You die...
Xom laughs nastily!

#. #.#####..#
.#... #.)## #
.... ##..#
###... ##.#
#.... ##.#
#...## ###..#
#...○####....#
#.b)○t○##.#†.#
#...##@○○.#).#
#...####○○#.#♣
.... ..b...#
##....# ...
#.......#
#.....#
.......
#......##
#.##..##
.......
#......#
#..†..># #
......
#?..)..#
####...# #.
..... #......|
##### #.. #...
##..##...


You could see a fire crab shaped shifter (very poisoned, ally target).

Vanquished Creatures
  A gnoll (D:1)
  A dart slug (D:1)
  An endoplasm (D:1)
  2 goblins (D:1)
  2 hobgoblins (D:1)
  2 kobolds (D:1)
  A quokka (D:1)
  2 ball pythons (D:1)
  2 bats (D:1)
  2 rats (D:1)
16 creatures vanquished.

Notes
Turn   | Place    | Note
-------+----------+-------------------------------------------
     0 | D:1      | Xavori the Octopode Chaos Knight began the quest for the
                  | Orb.
     0 | D:1      | Reached XP level 1. HP: 16/16 MP: 1/1
   120 | D:1      | Reached XP level 2. HP: 14/21 MP: 2/2
   195 | D:1      | Reached XP level 3. HP: 22/26 MP: 3/3
   229 | D:1      | an endoplasm changed into a glowing shapeshifter
   229 | D:1      | Noticed a glowing shapeshifter (glowing shapeshifter)
   230 | D:1      | a glowing shapeshifter changed into a skyshark
   230 | D:1      | Noticed a skyshark (glowing shapeshifter)
   231 | D:1      | a skyshark changed into an elephant
   231 | D:1      | Noticed an elephant (glowing shapeshifter)
   234 | D:1      | XOM: butterfly on damage
   235 | D:1      | an elephant changed into a steelbarb worm
   235 | D:1      | Noticed a steelbarb worm (glowing shapeshifter)
   237 | D:1      | a steelbarb worm changed into an orb spider
   237 | D:1      | Noticed an orb spider (glowing shapeshifter)
   240 | D:1      | an orb spider changed into a faun
   240 | D:1      | Noticed a faun (glowing shapeshifter)
   244 | D:1      | XOM: potion effect (brilliance)
   245 | D:1      | a faun changed into a dream sheep
   245 | D:1      | Noticed a dream sheep (glowing shapeshifter)
   250 | D:1      | a dream sheep changed into a fire crab
   250 | D:1      | Noticed a fire crab (glowing shapeshifter)
   254 | D:1      | Slain by a fire crab (glowing shapeshifter)

Illustrated notes

Levels and vault maps discovered:
D:1:      beargit_arrival_diablo_church, layout_basic

Action                     || total
---------------------------++-------
  Melee: Short sword       ||    43
         Constrict         ||    15
         Tentacles         ||    12
         Punch             ||     1
    Use: Potion            ||     1
   Stab: Sleeping          ||     1
 Armour: Skin              ||    14
  Dodge: Dodged            ||    25

Table legend: (Time is in decaauts)
 A = Elapsed time spent in this place.
 B = Non-inter-level travel time spent in this place.
 C = Inter-level travel time spent in this place.
 D = Time resting spent in this place.
 E = Time spent auto-exploring this place.
 F = Levels seen in this place.
 G = Mean time per level.
                   A        B        C        D        E       F      G
               +--------+--------+--------+--------+--------+-----+--------+
         Total |    247 |    247 |      0 |      0 |    166 |   1 |  247.0 |
       Dungeon |    247 |    247 |      0 |      0 |    166 |   1 |  247.0 |
               +--------+--------+--------+--------+--------+-----+--------+

Top non-repeatable levels by time:
     D:1: 247 daAuts
